Cogmind - Beta 13 X1 @@@ ROGUE MODE // 2023.10.07 @ 13:22:00 Player: Exp. Geonium Core Result: Escaped! Performance ------------- Evolutions (9) 4500 Regions Visited (24) 4800 Robots Destroyed (341) 1705 Value Destroyed (14009) 14009 Prototype IDs (72) 1440 Alien Tech Used (1) 200 Bonus (12959) 12959 TOTAL SCORE: 39613 Bonus ------- Triggered High Security 500 High Alert Combat Kills 4646 Follower Combat Kills 3999 Network Hubs Disabled 200 Aligned with FarCom 300 Met Data Miner 300 Met Imprinter 300 Was Imprinted 300 Win 3000 Friendly Fire -586 Cogmind --------- Core Integrity 294/1600 Matter 221/300 Energy 99/100 System Corruption 3% Temperature Cool (0) Movement Core (100) Ox1 Location To Epsilon Eridani Parts ------- > --- POWER (2) -------- (None) > --- PROPULSION (5) --- (None) > --- UTILITY (17) ----- Advanced Heat Sink Transport Network Coupler Advanced Target Analyzer Advanced Target Analyzer Advanced Target Analyzer Advanced Target Analyzer Advanced Target Analyzer > --- WEAPON (2) ------- Plasma Lance > --- INVENTORY (5) ---- Long-range Sensor Array Antimissile System Compact HERF Cannon CPS Tube (1) Peak State ------------ > --- POWER ------------ Reinforced Quantum Reactor Reinforced Quantum Reactor > --- PROPULSION ------- Medium Treads Armored Heavy Treads Armored Heavy Treads > --- UTILITY ---------- Advanced Cooling System Advanced Signal Interpreter Transport Network Coupler Advanced Target Analyzer Advanced Target Analyzer Advanced Target Analyzer Advanced Target Analyzer Advanced Target Analyzer Advanced Target Analyzer Advanced Weapon Cycler Zionite Weapon Casing Zionite Shade Armor Zionite Shade Armor Zionite Shade Armor Zionite Shade Armor Advanced Force Field Improved Dynamic Insulation System > --- WEAPON ----------- Zionite Phaser-H Multirail > --- INVENTORY -------- Long-range Sensor Array Antimissile System Compact HERF Cannon Micro-nuke Launcher CPS Tube [Rating: 217] Favorites ----------- Power Micro Nuclear Core Engine Light Ion Engine Power Core Micro Nuclear Core Reactor Cold Fusion Reactor Propulsion Potential Leg Treads Armored Treads Leg Potential Leg Wheel Armored Huge Wheel Hover Unit Improved Antigrav System Flight Unit Xenon Bombardment Thruster Utility Large Storage Unit Device Improved Sensor Array Storage Large Storage Unit Processor Advanced Target Analyzer Hackware Hacking Suite Protection Light Regenerative Plating Weapon Spear Energy Gun Small Laser Energy Cannon Guided Plasma Cannon Ballistic Gun Multirail Launcher Micro-nuke Launcher Special Weapon Plasma Cutter Impact Weapon Heavy Hammer Slashing Weapon Greatsword Piercing Weapon Spear Build | -11 -10 -10 -10 -9 -8 -7 -7 -7 -7 -6 -6 -6 -6 -6 -5 -5 -4 -4 -4 -4 -4 -3 -2 -1 ------- Run | Jun Mat Min Exi Min Mat Fac Low Low Dat Pro Fac Low Low Zio Pro Fac Fac Ext Cet Arc Hub Res Res Acc Slots Evolved 18 | . . . . . 4 2 . . . . 2 . . . . 2 2 . . . . 2 2 2 Power 1 | . . . . . . . . . . . 1 . . . . . . . . . . . . . Propulsion 3 | . . . . . 1 . . . . . . . . . . . 1 . . . . 1 . . Utility 14 | . . . . . 3 2 . . . . 1 . . . . 2 1 . . . . 1 2 2 Weapon . | . . . . . . . . . . . . . . . . . . . . . . . . . Parts Attached 339 | . 17 1 3 3 17 11 7 5 . 5 21 5 2 . . 31 24 27 7 4 12 70 9 58 Power 41 | . 3 . . . 2 1 1 . . 1 4 . . . . 7 7 1 1 1 2 6 1 3 Engine 14 | . 3 . . . 1 1 . . . . 2 . . . . 2 3 . . . . 2 . . Core 10 | . . . . . 1 . 1 . . . 1 . . . . 4 1 . 1 . 1 . . . Reactor 17 | . . . . . . . . . . 1 1 . . . . 1 3 1 . 1 1 4 1 3 Propulsion 87 | . 6 . 2 . 3 . 1 2 . 2 3 1 . . . 7 8 8 1 . 5 22 3 13 Treads 12 | . . . . . 2 . . . . . . . . . . . 1 . . . . 3 . 6 Leg 51 | . 6 . 2 . 1 . 1 2 . 2 3 . . . . 7 7 8 1 . 5 . 1 5 Wheel 1 | . . . . . . . . . . . . 1 . . . . . . . . . . . . Hover 20 | . . . . . . . . . . . . . . . . . . . . . . 19 . 1 Flight 3 | . . . . . . . . . . . . . . . . . . . . . . . 2 1 Utility 152 | . 1 1 . 2 8 8 3 1 . 2 10 2 2 . . 15 7 10 3 3 4 37 5 28 Device 62 | . . . . 1 3 1 3 1 . . 3 1 1 . . 7 3 3 1 2 2 21 . 9 Storage 7 | . 1 . . . 2 . . . . . 1 . . . . . . 1 . . . . . 2 Processor 40 | . . . . 1 1 3 . . . 2 3 . . . . 3 2 4 . . 1 10 4 6 Hackware 5 | . . . . . . 1 . . . . 1 . . . . . . . . . . 2 1 . Protection 38 | . . 1 . . 2 3 . . . . 2 1 1 . . 5 2 2 2 1 1 4 . 11 Artifact . | . . . . . . . . . . . . . . . . . . . . . . . . . Weapon 59 | . 7 . 1 1 4 2 2 2 . . 4 2 . . . 2 2 8 2 . 1 5 . 14 Energy Gun 4 | . 1 . . . . . . . . . . . . . . . . . . . . . . 3 Energy Cannon 3 | . . . 1 . 1 . 1 . . . . . . . . . . . . . . . . . Ballistic Gun 8 | . 5 . . . . . . . . . . . . . . . . . 1 . . . . 2 Ballistic Cannon . | . . . . . . . . . . . . . . . . . . . . . . . . . Launcher 11 | . . . . . 1 . . . . . 2 1 . . . . . 1 . . 1 . . 5 Special Weapon 3 | . 1 . . . . . . . . . . . . . . . . 2 . . . . . . Impact Weapon 1 | . . . . 1 . . . . . . . . . . . . . . . . . . . . Slashing Weapon 7 | . . . . . 2 2 1 . . . . . . . . 2 . . . . . . . . Piercing Weapon 22 | . . . . . . . . 2 . . 2 1 . . . . 2 5 1 . . 5 . 4 Special Melee Weapon . | . . . . . . . . . . . . . . . . . . . . . . . . . Unidentified Prototypes 26 | . . . . 1 . . . . . 1 1 1 1 . . 2 3 5 2 . 1 2 . 6 Corrupted Parts 1 | . . . . . . . . . . . . . . . . . . . . . 1 . . . System Corruption 7 | . . . . . . . . . . . . . . . . . . . . . 7 . . . Parts Lost 120 | . 9 . . . 1 . 2 . . 1 6 . . . . 7 2 8 3 . 6 30 14 31 Power 14 | . 2 . . . . . 1 . . . 2 . . . . 1 1 1 1 . 1 3 . 1 Propulsion 33 | . 3 . . . . . . . . . 1 . . . . 1 . 2 1 . 3 9 8 5 Utility 63 | . . . . . 1 . 1 . . 1 3 . . . . 5 1 5 1 . 2 17 5 21 Weapon 10 | . 4 . . . . . . . . . . . . . . . . . . . . 1 1 4 Highest Loss Streak 17 | . 4 . . . 1 . 2 . . 1 3 . . . . 2 1 5 3 . 4 7 6 17 To Critical Strikes . | . . . . . . . . . . . . . . . . . . . . . . . . . Average Slot Usage (%) 88 | . 81 97 83 89 95 94 91 91 100 99 92 85 86 87 87 93 96 93 92 96 97 84 76 75 Engine 2 | . 13 14 14 14 3 6 . . . . 2 . . . . . 1 . . . . . . . Core 3 | . . . . . 5 . 6 7 7 6 3 6 6 6 6 4 3 . . . . 3 . . Reactor 3 | . . . . . . . . . . . 4 6 6 6 6 3 4 9 5 9 9 4 5 5 Treads 2 | . . . . . 7 7 7 7 7 . . . . . . . . . . . . 6 . 7 Leg 13 | . 27 28 28 28 19 15 15 14 15 22 19 6 6 6 6 14 20 19 17 20 19 3 . 3 Device 9 | . . . . 7 15 7 14 15 15 15 8 6 6 6 6 10 12 10 4 7 15 18 11 9 Storage 6 | . 14 14 14 14 9 7 7 7 7 7 6 6 6 6 6 5 5 6 6 5 5 2 . . Processor 18 | . . . . 2 8 18 15 15 15 22 20 20 18 18 18 23 30 30 30 30 27 16 30 26 Hackware 2 | . . . . . . 6 7 7 7 . 4 . . . . . . . . . . 4 5 1 Protection 10 | . . 11 14 4 8 11 7 7 7 7 6 13 17 18 18 16 9 7 18 13 10 7 2 14 Ballistic Gun 1 | . 21 14 3 . . . . . . . . . . . . . . . . . . . . 2 Slashing Weapon 2 | . . . . . 11 9 6 6 . . . . . . . 3 3 . . . . . . . Piercing Weapon 5 | . . . . . . . . . 15 15 12 12 12 12 12 7 6 9 10 10 9 8 6 . Naked Turns . | . . . . . . . . . . . . . . . . . . . . . . . . . Heaviest Build 141 | 10 24 18 26 34 55 47 47 42 34 45 67 67 71 71 71 73 73 71 72 92 91 103 35 141 Greatest Support 195 | 20 26 20 60 60 60 60 60 60 60 88 88 28 28 28 28 68 80 91 98 98 98 195 60 150 Greatest Overweight (x) 4 | . 1 . . . . . . 1 . . 1 2 2 2 2 2 1 1 . . 1 1 1 4 Average Overweight (x) . | . . . . . . . . . . . . 2 2 2 2 . . . . . . . . . Largest Inventory Capacity 15 | . 10 10 10 10 15 15 15 15 15 15 15 15 15 15 15 15 15 15 15 15 15 15 5 5 Average Capacity 12 | . 9 10 10 10 13 15 15 15 15 15 15 15 15 15 15 15 15 15 15 15 15 11 5 5 Most Carried 15 | . 10 10 10 10 15 15 15 15 14 15 15 14 12 13 14 15 15 15 15 15 15 15 5 5 Average Carried 11 | . 7 9 10 9 12 14 13 14 14 13 14 12 10 12 13 14 14 14 15 15 14 10 5 4 Final Capacity 15 | 8 10 10 10 10 15 15 15 15 15 15 15 15 15 15 15 15 15 15 15 15 15 5 5 5 Final Carried 15 | 6 10 10 10 10 15 15 15 14 14 15 14 12 11 13 14 15 15 15 15 15 14 5 5 4 Class Distribution -------------------- 45% | Scavenger-Mutant 17% | Scavenger-Assassin 13% | Mutant 8% | Scavenger-Gladiator 5% | Gladiator 4% | Assassin 3% | Commander-Mutant Dominant Class ---------------- Mutant | -10/Materials Scavenger-Mutant | -10/Mines Mutant | -10/Exiles Mutant | -9/Mines Assassin | -8/Materials Gladiator | -7/Factory Scavenger-Gladiator | -7/Lower Caves Scavenger-Gladiator | -7/Lower Caves Scavenger-Assassin | -7/Data Miner Scavenger-Assassin | -6/Proximity Caves Scavenger-Mutant | -6/Factory Scavenger-Mutant | -6/Lower Caves Scavenger-Mutant | -6/Lower Caves Scavenger-Mutant | -6/Zion Scavenger-Mutant | -5/Proximity Caves Scavenger-Assassin | -5/Factory Scavenger-Mutant | -4/Factory Commander-Mutant | -4/Extension Scavenger-Assassin | -4/Cetus Scavenger-Assassin | -4/Archives Scavenger-Assassin | -4/Hub_04(d) Scavenger-Mutant | -3/Research Hacker-Mutant | -2/Research Scavenger-Mutant | -1/Access Resources | -11 -10 -10 -10 -9 -8 -7 -7 -7 -7 -6 -6 -6 -6 -6 -5 -5 -4 -4 -4 -4 -4 -3 -2 -1 ----------- Run | Jun Mat Min Exi Min Mat Fac Low Low Dat Pro Fac Low Low Zio Pro Fac Fac Ext Cet Arc Hub Res Res Acc Matter Collected 5588 | 200 504 22 44 114 225 110 77 50 . 30 238 56 80 . . 314 245 298 77 30 166 788 57 1863 Remotely . | . . . . . . . . . . . . . . . . . . . . . . . . . Salvage Created 18443 | . 846 . . 190 1787 984 352 50 . 221 1451 52 74 . 93 1223 987 921 . . 1119 3571 164 4358 Parts 875 | . 58 . . 5 91 53 10 7 . 16 78 4 5 . 6 51 41 29 . . 40 210 9 162 Haulers Intercepted 16 | . 2 . . . 5 1 . . . . 2 . . . . 1 1 . . . . 2 . 2 Recyclers Shooed 5 | . 1 1 . . 1 1 . . . . . . . . . . 1 . . . . . . . Parts Field Recycled . | . . . . . . . . . . . . . . . . . . . . . . . . . Retrieved Matter . | . . . . . . . . . . . . . . . . . . . . . . . . . Parts Self-Destructed 41 | . . . . . . . 8 2 . 12 . 3 7 4 5 . . . . . . . . . Prevented 4 | . . . . . . . . . . . . 1 3 . . . . . . . . . . . Kills | -11 -10 -10 -10 -9 -8 -7 -7 -7 -7 -6 -6 -6 -6 -6 -5 -5 -4 -4 -4 -4 -4 -3 -2 -1 ------- Run | Jun Mat Min Exi Min Mat Fac Low Low Dat Pro Fac Low Low Zio Pro Fac Fac Ext Cet Arc Hub Res Res Acc Combat Hostiles Destroyed 230 | . 15 . . 4 22 12 8 1 . 2 14 4 3 . 2 17 8 5 . . 11 43 4 55 Melee 136 | . . . . . 13 12 5 1 . 2 12 . 3 . 2 17 8 5 . . 11 41 4 . Guns 56 | . 15 . . . . . . . . . . . . . . . . . . . . . . 41 Cannons 11 | . . . . 4 4 . 3 . . . . . . . . . . . . . . . . . AOE 24 | . . . . . 5 . . . . . 2 4 . . . . . . . . . . . 13 Classes Destroyed 25 | . 8 . . . 6 1 1 2 . 1 . . . . 1 . . 1 . . . 1 . 3 Worker 34 | . 6 . . . 4 5 . . . . 3 . . . . 2 1 1 . . 7 3 1 1 Builder 19 | . 2 . . . 2 1 . . . . 2 . . . . . . . . . 2 9 . 1 Tunneler 2 | . . . . . 1 . . . . . 1 . . . . . . . . . . . . . Hauler 16 | . 2 . . . 5 1 . . . . 2 . . . . 1 1 . . . . 2 . 2 Recycler 18 | . . . . . 4 2 . . . . 2 . . . . 1 3 4 . . 2 . . . Minesweeper 2 | . . . . . . . . 1 . . . 1 . . . . . . . . . . . . Mechanic 4 | . 1 . . . . . . . . . . . . . . . . . . . . 1 . 2 Operator 4 | . . . . . 2 . . . . . . . . . . . . 1 . . . 1 . . Drone 1 | . . . . . . . . . . . . . . . 1 . . . . . . . . . Watcher 17 | . 2 . . . 4 1 . . . . 3 . . . . 1 1 . . . . 3 . 2 Swarmer 36 | . 4 . . . . . 3 . . . . 4 3 . . 4 3 . . . 2 5 4 4 Saboteur 2 | . . . . . . . . . . . . . . . . . . . . . . . . 2 Grunt 105 | . 10 . . 4 14 9 3 . . . 9 . . . . 9 3 1 . . 6 10 . 27 Brawler 10 | . . . . . 1 . 1 . . . . . . . . 1 . . . . . 3 . 4 Duelist 4 | . . . . . . . . . . 1 . . . . . . . . . . . . . 3 Protector 5 | . . . . . . . . . . . . . . . . . . . . . . 1 . 4 Sentry 17 | . . . . . 4 1 . . . . 4 . . . . 1 1 3 . . 1 1 . 1 Hunter 12 | . . . . . 3 . 1 . . 1 . . . . 1 . . . . . 2 2 . 2 Programmer 31 | . . . . . . 2 . . . . 1 . . . . 2 1 . . . . 19 . 6 Behemoth 4 | . . . . . . . . . . . . . . . . . . 1 . . . 2 . 1 Enhanced Grunt 1 | . . . . . . . . . . 1 . . . . . . . . . . . . . . Striker 1 | . . . . . . . . . . . . . . . . . . . . . . . . 1 Subdweller 1 | . 1 . . . . . . . . . . . . . . . . . . . . . . . Z-Heavy 1 | . . . . . . . . . . . . . . . . . . . . . . . . 1 Decomposer 1 | . . . . . . . . . . . . . . . 1 . . . . . . . . . Tinkerer 1 | . . . . . . . 1 . . . . . . . . . . . . . . . . . Master Thief 1 | . . . . . . . . 1 . . . . . . . . . . . . . . . . Best Kill Streak 12 | . 6 . . 2 10 4 4 1 . 1 3 4 3 . 1 4 4 2 . . 6 8 5 12 Combat Bots Only 12 | . 4 . . 2 6 3 4 1 . 1 3 4 3 . 1 4 3 2 . . 6 7 4 12 Max Kills in Single Turn 4 | . 1 . . 1 3 1 1 1 . 1 2 2 1 . 1 1 1 1 . . 4 1 1 3 Gunslinging . | . . . . . . . . . . . . . . . . . . . . . . . . . Exploded 3 | . . . . . 2 . . . . . 2 2 . . . . . . . . . . . 3 Melee 1 | . . . . . 1 1 1 1 . 1 1 . 1 . 1 1 1 1 . . 1 1 1 . Uniques/NPCs Destroyed . | . . . . . . . . . . . . . . . . . . . . . . . . . Combat | -11 -10 -10 -10 -9 -8 -7 -7 -7 -7 -6 -6 -6 -6 -6 -5 -5 -4 -4 -4 -4 -4 -3 -2 -1 -------- Run | Jun Mat Min Exi Min Mat Fac Low Low Dat Pro Fac Low Low Zio Pro Fac Fac Ext Cet Arc Hub Res Res Acc Damage Taken 27516 | . 1117 . . 85 568 486 274 6 . 34 1301 148 249 . 199 1860 645 1517 823 27 1875 5349 1364 9589 Core 3820 | . 150 . . 12 65 19 29 . . . 208 15 12 . 39 263 57 303 128 . 248 569 397 1306 Absorbed by Shields 1202 | . . . . . . . . . . . . . . . . . . 11 . . . 659 . 532 Redirected to Shielding 382 | . . . . . . . . . . . . . . . . 10 . . . . . . . 372 Ignored by Resistances 1246 | . . . . . . . . . . . . . . . . . . . . . 23 . . 1223 Regen/Repaired (Parts) 1440 | . . . . . . . . . . . . 50 73 . 29 432 206 157 . . . 493 . . Core Remaining (%) 63 | 100 . . . 35 88 . . . . 93 . . . . 67 73 . . . . 36 56 72 18 Volleys Fired 381 | . 126 . . 8 16 . 8 . . . 2 4 . . . . . 4 . . 3 4 . 206 Largest 2 | . 2 . . 1 1 . 1 . . . 1 1 . . . . . 1 . . 1 1 . 2 Hottest 125 | . 60 . . 120 120 . 120 . . . 39 39 . . . . . 39 . . 49 49 . 125 Shots Fired 490 | . 211 . . 8 16 . 8 . . . 2 4 . . . . . 4 . . 3 4 . 230 Gun 412 | . 201 . . . . . . . . . . . . . . . . . . . . . . 211 Cannon 27 | . . . . 8 11 . 8 . . . . . . . . . . . . . . . . . Launcher 38 | . . . . . 5 . . . . . 2 4 . . . . . 1 . . 3 4 . 19 Special 13 | . 10 . . . . . . . . . . . . . . . . 3 . . . . . . Kinetic 366 | . 183 . . . . . . . . . . . . . . . . . . . . . . 183 Thermal 45 | . 18 . . 8 11 . 8 . . . . . . . . . . . . . . . . . Explosive 38 | . . . . . 5 . . . . . 2 4 . . . . . 1 . . 3 4 . 19 Electromagnetic . | . . . . . . . . . . . . . . . . . . . . . . . . . Impact 10 | . 10 . . . . . . . . . . . . . . . . . . . . . . . Phasic 28 | . . . . . . . . . . . . . . . . . . . . . . . . 28 Robot Hit Streak 24 | . 20 . . 8 12 . 3 . . . 5 6 . . . . . 2 . . . . . 24 Robot Miss Streak 9 | . 9 . . . 1 . . . . . . 3 . . . . . 1 . . . 2 . 6 Penetration Max 2 | . . . . . . . . . . . . . . . . . . . . . . . . 2 Secondary Targets 3 | . 2 . . . . . . . . . . . . . . . . . . . . . . 1 Max Gunslinging Chain 1 | . 1 . . . . . . . . . . . . . . . . . . . . . . 1 Shots Hit Robots 888 | . 129 . . 7 53 43 13 4 . 3 53 2 9 . 5 67 30 31 5 . 49 181 10 194 Core Hits 591 | . 53 . . 4 55 18 7 1 . 3 36 7 3 . 3 29 17 14 3 . 26 84 5 223 Critical Kills 21 | . 2 . . . . . . . . . . . . . . . . . . . . . . 19 Critical Parts Destroyed 42 | . 1 . . . . . . . . . . . . . . . . . . . . . . 41 Critical Strikes 141 | . 6 . . . 4 3 1 . . 1 7 . 1 . 1 7 2 1 . . 5 34 4 64 Destroy 67 | . 4 . . . . . . . . . . . . . . . . . . . . . . 63 Sever 18 | . 2 . . . 4 3 1 . . . . . . . . 6 2 . . . . . . . Impale 55 | . . . . . . . . . . 1 7 . 1 . 1 1 . 1 . . 5 34 4 . Intensify 1 | . . . . . . . . . . . . . . . . . . . . . . . . 1 Melee Attacks 824 | . . . . . 61 79 16 7 . 8 95 9 11 1 10 100 41 32 5 . 61 252 26 10 Impact . | . . . . . . . . . . . . . . . . . . . . . . . . . Slashing 222 | . . . . . 61 79 16 6 . . . . . . . 47 13 . . . . . . . Piercing 602 | . . . . . . . . 1 . 8 95 9 11 1 10 53 28 32 5 . 61 252 26 10 Sneak Attacks 97 | . . . . . 12 13 2 1 . 1 14 1 . . 1 6 8 7 . . 9 19 1 2 Combat Hostiles 7 | . . . . . 1 1 1 . . . 2 . . . . . . . . . . 2 . . Follow-up Attacks 68 | . . . . . 2 . . . . . 5 . 2 . . 8 4 4 1 . 7 32 3 . Damage Inflicted 41624 | . 1441 9 . 313 3704 2930 794 240 . 133 2499 456 298 . 204 2999 1734 1662 216 . 2882 8364 469 10277 Guns 7960 | . 1331 . . . . . . . . . . . . . . . . . . . . . . 6629 Cannons 861 | . . . . 291 390 . 180 . . . . . . . . . . . . . . . . . Explosions 5909 | . . . . . 810 . . . . . 386 383 . . . . . 116 . . 463 272 . 3479 Melee 26741 | . . . . . 2504 2930 614 240 . 133 2113 73 298 . 204 2999 1734 1546 216 . 2419 8092 469 157 Ramming 81 | . 38 9 . 22 . . . . . . . . . . . . . . . . . . . 12 Kinetic 7542 | . 1221 . . . . . . . . . . . . . . . . . . . . . . 6321 Thermal 971 | . 110 . . 291 390 . 180 . . . . . . . . . . . . . . . . . Explosive 5446 | . . . . . 810 . . . . . 386 383 . . . . . 116 . . . 272 . 3479 Electromagnetic 463 | . . . . . . . . . . . . . . . . . . . . . 463 . . . Impact 72 | . 72 . . . . . . . . . . . . . . . . . . . . . . . Slashing 8885 | . . . . . 2504 2930 614 215 . . . . . . . 2142 480 . . . . . . . Piercing 17856 | . . . . . . . . 25 . 133 2113 73 298 . 204 857 1254 1546 216 . 2419 8092 469 157 Phasic 308 | . . . . . . . . . . . . . . . . . . . . . . . . 308 Highest Corruption 42 | . 3 3 3 3 . . 4 . . . . . . . . 9 1 1 1 1 8 42 3 3 Average Corruption 5 | . 1 3 3 3 . . 2 . . . . . . . . 4 1 1 1 1 1 24 2 1 Corruption Purged 4 | . . . . . . . 4 . . . . . . . . . . . . . . . . . Corruption Blocked 14 | . . . . . . . . . . . . . . . . 12 . . . . . 2 . . Effects 118 | . 3 6 8 5 . . 3 . . . . . . . . 13 2 6 1 2 1 54 . 14 Message Errors 30 | . 2 3 2 . . . . . . . . . . . . 2 . 4 . . . 16 . 1 Matter Fused 33 | . 1 2 2 4 . . 1 . . . . . . . . 5 . . 1 1 1 10 . 5 Heat Flow Errors 12 | . . 1 . . . . . . . . . . . . . 2 . 1 . . . 7 . 1 Energy Discharges 9 | . . . . . . . 1 . . . . . . . . . 1 . . . . 5 . 2 Parts Rejected 3 | . . . . . . . 1 . . . . . . . . . . . . . . 1 . 1 Parts Fused 1 | . . . . . . . . . . . . . . . . . . . . . . 1 . . Data Loss (minor) 13 | . . . 1 1 . . . . . . . . . . . 3 1 1 . 1 . 3 . 2 Data Loss (major) 6 | . . . 1 . . . . . . . . . . . . . . . . . . 4 . 1 Alerts 4 | . . . 2 . . . . . . . . . . . . 1 . . . . . 1 . . Misdirections 6 | . . . . . . . . . . . . . . . . . . . . . . 6 . . Weapon Failures 1 | . . . . . . . . . . . . . . . . . . . . . . . . 1 Overload Shots . | . . . . . . . . . . . . . . . . . . . . . . . . . Overflow Damage 3162 | . . . . . 178 558 105 77 . . 120 . 31 . 62 227 143 167 . . 324 981 51 138 Projectiles 21 | . . . . . . . 21 . . . . . . . . . . . . . . . . . Explosions 338 | . . . . . . . . . . . . . . . . . . 76 . . 50 96 . 116 Melee 2803 | . . . . . 178 558 84 77 . . 120 . 31 . 62 227 143 91 . . 274 885 51 22 Knockbacks 1 | . . . . 1 . . . . . . . . . . . . . . . . . . . . Impact 1 | . . . . 1 . . . . . . . . . . . . . . . . . . . . Kinetic . | . . . . . . . . . . . . . . . . . . . . . . . . . Secondary . | . . . . . . . . . . . . . . . . . . . . . . . . . Self-Inflicted Damage 276 | . . . . . . . . . . . . 40 . . . . . . . . 68 . . 168 Shots 6 | . . . . . . . . . . . . 1 . . . . . . . . 1 . . 4 Rammed 3 | . . . . . . . . . . . . . . . . . . . . . . . . 3 Targets Rammed 20 | . 12 4 . 1 . . . . . . . . . . . . . . . . . . . 3 Kicked 17 | . 12 4 . 1 . . . . . . . . . . . . . . . . . . . . Crushed . | . . . . . . . . . . . . . . . . . . . . . . . . . Highest Temperature 484 | . 60 260 . 484 300 8 410 . . . 20 32 . . . 211 . 60 84 440 . 261 . 376 Average Temperature 113 | . 19 241 . 214 138 4 187 . . . 11 16 . . . 69 . 60 42 230 . 84 . 81 Received Heat Transfer 4365 | . 387 . . 48 279 264 135 . . . 486 . . . . 450 39 174 72 9 383 327 54 1258 Effects 13 | . . . . 2 1 . 1 . . . . . . . . . . . . 4 . 3 . 2 Shutdowns 3 | . . . . . . . . . . . . . . . . . . . . 2 . . . 1 Energy Bleed 2 | . . . . . 1 . . . . . . . . . . . . . . 1 . . . . Interference 6 | . . . . . . . 1 . . . . . . . . . . . . 1 . 3 . 1 Matter Decay 1 | . . . . 1 . . . . . . . . . . . . . . . . . . . . Damage (minor) 1 | . . . . 1 . . . . . . . . . . . . . . . . . . . . Siege Activations . | . . . . . . . . . . . . . . . . . . . . . . . . . Robots Corrupted . | . . . . . . . . . . . . . . . . . . . . . . . . . Combat Hostiles . | . . . . . . . . . . . . . . . . . . . . . . . . . Parts Fried 3 | . . . . . . . . . . . . . . . . . . . . . 3 . . . Impact Corruptions . | . . . . . . . . . . . . . . . . . . . . . . . . . Robots Melted . | . . . . . . . . . . . . . . . . . . . . . . . . . Combat Hostiles . | . . . . . . . . . . . . . . . . . . . . . . . . . Parts Melted 2 | . . . . 1 1 . . . . . . . . . . . . . . . . . . . Heat Transferred 2170 | . 250 . . 640 880 . 400 . . . . . . . . . . . . . . . . . Parts Sabotaged . | . . . . . . . . . . . . . . . . . . . . . . . . . Parts Stolen 8 | . . . . . . . . 5 . . . 2 1 . . . . . . . . . . . Parts Stripped . | . . . . . . . . . . . . . . . . . . . . . . . . . Power Chain Reactions 1 | . . . . . . . . . . . . . . . . . . . . . 1 . . . Missiles Intercepted . | . . . . . . . . . . . . . . . . . . . . . . . . . Alert | -11 -10 -10 -10 -9 -8 -7 -7 -7 -7 -6 -6 -6 -6 -6 -5 -5 -4 -4 -4 -4 -4 -3 -2 -1 ------- Run | Jun Mat Min Exi Min Mat Fac Low Low Dat Pro Fac Low Low Zio Pro Fac Fac Ext Cet Arc Hub Res Res Acc Peak Influence 2185 | . 240 49 . 80 626 581 . . . . 340 . . . . 937 788 932 768 455 883 1097 714 2185 Initial 923 | . . 49 . . 8 252 . . . . 73 . . . . 923 301 385 521 307 158 463 616 405 Average 544 | . 120 49 . 30 380 327 . . . . 204 . . . . 615 483 667 652 430 397 663 661 1257 Maximum Alert Level 5 | . 1 . . . 2 2 . . . . 1 . . . . 3 3 3 3 2 3 3 3 5 Low Security (%) 19 | . 88 100 . 100 21 8 . . . . 40 . . . . . . . . . 21 . . . Level 1 19 | . 11 . . . 22 67 . . . . 59 . . . . 7 26 3 . 23 19 . . . Level 2 35 | . . . . . 56 24 . . . . . . . . . 63 63 47 57 76 56 64 79 15 Level 3 15 | . . . . . . . . . . . . . . . . 28 10 48 42 . 3 35 20 17 Level 4 5 | . . . . . . . . . . . . . . . . . . . . . . . . 38 Level 5 1 | . . . . . . . . . . . . . . . . . . . . . . . . 12 High Security 2 | . . . . . . . . . . . . . . . . . . . . . . . . 16 Max Security . | . . . . . . . . . . . . . . . . . . . . . . . . . Squads Dispatched 68 | . 4 1 . . 3 6 . . . . 6 . . . . 3 3 4 . . 5 10 2 21 Investigation 15 | . 3 1 . . 3 4 . . . . 2 . . . . . . 1 . . . . 1 . Extermination 14 | . . . . . . 1 . . . . 1 . . . . 2 1 . . . . 5 . 4 Reinforcement 14 | . 1 . . . . 1 . . . . 3 . . . . 1 . 2 . . 2 1 1 2 Assault 22 | . . . . . . . . . . . . . . . . . 2 1 . . . 4 . 15 Garrison 3 | . . . . . . . . . . . . . . . . . . . . . 3 . . . Intercept . | . . . . . . . . . . . . . . . . . . . . . . . . . Searches Triggered 3 | . . . . . . . . . . . . . . . . 3 . . . . . . . . Data Miner Redirects 8 | . . . . . . . . . . . 1 . . . . . 1 . . . . 2 1 3 Construction Impeded 1 | . . . . . . . . . . . . . . . . . . 1 . . . . . . Haulers Reinforced 3 | . . . . . . 1 . . . . . . . . . 1 . . . . . 1 . . Active Scanning Responses . | . . . . . . . . . . . . . . . . . . . . . . . . . Cargo Convoy Interrupts . | . . . . . . . . . . . . . . . . . . . . . . . . . Stealth | -11 -10 -10 -10 -9 -8 -7 -7 -7 -7 -6 -6 -6 -6 -6 -5 -5 -4 -4 -4 -4 -4 -3 -2 -1 --------- Run | Jun Mat Min Exi Min Mat Fac Low Low Dat Pro Fac Low Low Zio Pro Fac Fac Ext Cet Arc Hub Res Res Acc Distress Signals 12 | . 1 . . . 1 1 . . . . . . . . . . 1 2 1 1 1 2 1 . Communications Jammed 81 | . . . . . . . . . . . . . . . . 15 . 65 . . 1 . . . Distress Signals 81 | . . . . . . . . . . . . . . . . 15 . 65 . . 1 . . . Times Spotted 449 | . 40 . . 4 26 23 7 5 . 4 24 7 5 . 2 28 26 30 12 2 19 70 14 101 Peak Tracking Total 15 | . 6 . . 2 5 5 4 5 . 3 4 4 3 . 1 5 5 7 5 1 7 9 10 15 Tactical Retreats 27 | . 1 . . . . 4 . . . . 1 . . . . 3 3 1 . . . 4 2 8 Traps | -11 -10 -10 -10 -9 -8 -7 -7 -7 -7 -6 -6 -6 -6 -6 -5 -5 -4 -4 -4 -4 -4 -3 -2 -1 ------- Run | Jun Mat Min Exi Min Mat Fac Low Low Dat Pro Fac Low Low Zio Pro Fac Fac Ext Cet Arc Hub Res Res Acc Traps Triggered 17 | . 3 . . . . 1 . . . . 4 . . . . 2 2 1 . . . 1 . 3 Indirectly . | . . . . . . . . . . . . . . . . . . . . . . . . . Trap Hack Attempts . | . . . . . . . . . . . . . . . . . . . . . . . . . Triggered . | . . . . . . . . . . . . . . . . . . . . . . . . . Disarmed . | . . . . . . . . . . . . . . . . . . . . . . . . . Reprogrammed . | . . . . . . . . . . . . . . . . . . . . . . . . . Reused . | . . . . . . . . . . . . . . . . . . . . . . . . . Traps Extracted . | . . . . . . . . . . . . . . . . . . . . . . . . . Installed . | . . . . . . . . . . . . . . . . . . . . . . . . . Triggered 3 | . . . . . . . . . . . . 2 1 . . . . . . . . . . . Machines | -11 -10 -10 -10 -9 -8 -7 -7 -7 -7 -6 -6 -6 -6 -6 -5 -5 -4 -4 -4 -4 -4 -3 -2 -1 ---------- Run | Jun Mat Min Exi Min Mat Fac Low Low Dat Pro Fac Low Low Zio Pro Fac Fac Ext Cet Arc Hub Res Res Acc Machines Disabled 29 | . . . . . . 2 . . . . . . . . . 4 2 2 . 3 11 1 . 4 Max in Single Turn 9 | . . . . . . 1 . . . . . . . . . . . . . . 9 1 . 1 Garrison Access 5 | . . . . . . 2 . . . . 1 . . . . . . . . . . 1 1 . Network Hub 1 | . . . . . . . . . . . . . . . . . . . . . 1 . . . Energy Cycler 1 | . . . . . . . . . . . . . . . . . . 1 . . . . . . Machines Repaired . | . . . . . . . . . . . . . . . . . . . . . . . . . Machines Sabotaged . | . . . . . . . . . . . . . . . . . . . . . . . . . Overloaded Fab Kills . | . . . . . . . . . . . . . . . . . . . . . . . . . Hacking | -11 -10 -10 -10 -9 -8 -7 -7 -7 -7 -6 -6 -6 -6 -6 -5 -5 -4 -4 -4 -4 -4 -3 -2 -1 --------- Run | Jun Mat Min Exi Min Mat Fac Low Low Dat Pro Fac Low Low Zio Pro Fac Fac Ext Cet Arc Hub Res Res Acc Machines Accessed 57 | . 6 1 2 1 6 15 . . 4 . 13 . . . . . . . . . . 5 2 2 Terminals 24 | . 4 . . . 4 6 . . . . 10 . . . . . . . . . . . . . Fabricators 9 | . . . . . . 4 . . . . 2 . . . . . . . . . . 2 1 . Repair Stations . | . . . . . . . . . . . . . . . . . . . . . . . . . Recycling Units 4 | . 2 . . . 1 1 . . . . . . . . . . . . . . . . . . Scanalyzers 4 | . . . . . 1 2 . . . . . . . . . . . . . . . 1 . . Garrison Access 8 | . . . . . . 2 . . . . 1 . . . . . . . . . . 2 1 2 Total Hacks 161 | . 16 1 2 1 21 39 . . 28 . 36 . . . . . . . . . . 7 5 5 Successful 105 | . 8 1 2 1 12 24 . . 28 . 20 . . . . . . . . . . 4 5 . Failed 56 | . 8 . . . 9 15 . . . . 16 . . . . . . . . . . 3 . 5 Catastrophic 18 | . 3 . . . 2 5 . . . . 4 . . . . . . . . . . 3 . 1 Database Lockouts . | . . . . . . . . . . . . . . . . . . . . . . . . . Manual 139 | . 13 . 1 . 12 18 . . . . 22 . . . . 20 9 15 . . 10 11 . 8 Terminals 70 | . 12 . . . 13 17 . . . . 28 . . . . . . . . . . . . . Fabricators 19 | . . . . . . 7 . . . . 5 . . . . . . . . . . 3 4 . Repair Stations . | . . . . . . . . . . . . . . . . . . . . . . . . . Recycling Units 7 | . 4 . . . 1 2 . . . . . . . . . . . . . . . . . . Scanalyzers 19 | . . . . . 7 10 . . . . . . . . . . . . . . . 2 . . Garrison Access 14 | . . . . . . 3 . . . . 3 . . . . . . . . . . 2 1 5 Terminal Hacks 49 | . 2 1 2 1 3 5 . . 28 . 7 . . . . . . . . . . . . . Record 12 | . . . 1 . . . . . 11 . . . . . . . . . . . . . . . Part Schematic 13 | . . . . . . . . . 10 . 3 . . . . . . . . . . . . . Robot Schematic 4 | . . . . . . . . . 4 . . . . . . . . . . . . . . . Robot Analysis 1 | . . . . . . . . . . . 1 . . . . . . . . . . . . . Prototype ID Bank 3 | . . . . . . . . . 3 . . . . . . . . . . . . . . . Open Door 2 | . . 1 . 1 . . . . . . . . . . . . . . . . . . . . Level Access Points 1 | . . . . . 1 . . . . . . . . . . . . . . . . . . . Branch Access Points 3 | . . . . . 1 1 . . . . 1 . . . . . . . . . . . . . Machine Index 1 | . . . . . . . . . . . 1 . . . . . . . . . . . . . Terminal Index 2 | . 1 . . . . 1 . . . . . . . . . . . . . . . . . . Fabricator Index 1 | . . . . . . . . . . . 1 . . . . . . . . . . . . . Maintenance Status 1 | . . . . . . 1 . . . . . . . . . . . . . . . . . . Hauler Manifests 1 | . . . . . 1 . . . . . . . . . . . . . . . . . . . Registered Components 1 | . 1 . . . . . . . . . . . . . . . . . . . . . . . Registered Prototypes 1 | . . . . . . 1 . . . . . . . . . . . . . . . . . . Zone Layout 1 | . . . . . . 1 . . . . . . . . . . . . . . . . . . Derelict Proto ID Bank 1 | . . . 1 . . . . . . . . . . . . . . . . . . . . . Fabricator Hacks 10 | . . . . . . 1 . . . . 4 . . . . . . . . . . 1 4 . Network Status 2 | . . . . . . 1 . . . . . . . . . . . . . . . . 1 . Load Schematic 3 | . . . . . . . . . . . 2 . . . . . . . . . . . 1 . Build 5 | . . . . . . . . . . . 2 . . . . . . . . . . 1 2 . Repair Station Hacks . | . . . . . . . . . . . . . . . . . . . . . . . . . Recycling Unit Hacks 2 | . 2 . . . . . . . . . . . . . . . . . . . . . . . Report Inventory 1 | . 1 . . . . . . . . . . . . . . . . . . . . . . . Retrieve Components 1 | . 1 . . . . . . . . . . . . . . . . . . . . . . . Scanalyzer 19 | . . . . . 7 10 . . . . . . . . . . . . . . . 2 . . Insert Component 10 | . . . . . 4 5 . . . . . . . . . . . . . . . 1 . . Analyze 9 | . . . . . 3 5 . . . . . . . . . . . . . . . 1 . . Garrison Access Hacks 5 | . . . . . . 2 . . . . 1 . . . . . . . . . . 1 1 . Seal Access 5 | . . . . . . 2 . . . . 1 . . . . . . . . . . 1 1 . Unauthorized Hacks 20 | . 4 . . . 2 6 . . . . 8 . . . . . . . . . . . . . Terminals 16 | . 3 . . . 1 4 . . . . 8 . . . . . . . . . . . . . Track 2 | . . . . . . . . . . . 2 . . . . . . . . . . . . . Assimilate 2 | . . . . . . 2 . . . . . . . . . . . . . . . . . . Botnet 10 | . 2 . . . 1 1 . . . . 6 . . . . . . . . . . . . . Detonate 1 | . 1 . . . . . . . . . . . . . . . . . . . . . . . Operators 1 | . . . . . . 1 . . . . . . . . . . . . . . . . . . Fabricators 1 | . . . . . . 1 . . . . . . . . . . . . . . . . . . Liberate 1 | . . . . . . 1 . . . . . . . . . . . . . . . . . . Repair Stations . | . . . . . . . . . . . . . . . . . . . . . . . . . Recycling Units 3 | . 1 . . . 1 1 . . . . . . . . . . . . . . . . . . Tunnel 3 | . 1 . . . 1 1 . . . . . . . . . . . . . . . . . . Scanalyzers . | . . . . . . . . . . . . . . . . . . . . . . . . . Garrison Access . | . . . . . . . . . . . . . . . . . . . . . . . . . Data Cores Recovered 4 | . . . . . 2 . . . . . . . . . . . . 1 . . . 1 . . Used . | . . . . . . . . . . . . . . . . . . . . . . . . . Hacking Detections 41 | . 5 . . . 5 14 . . . . 12 . . . . . . . . . . 2 1 2 Full Trace Events 10 | . 2 . . . 2 3 . . . . 2 . . . . . . . . . . . 1 . Feedback Events . | . . . . . . . . . . . . . . . . . . . . . . . . . Feedback Blocked . | . . . . . . . . . . . . . . . . . . . . . . . . . Robot Schematics Acquired 11 | . . . . . . . . . 4 . . . . 2 . . . . . . . 5 . . Robots Built . | . . . . . . . . . . . . . . . . . . . . . . . . . Authchips . | . . . . . . . . . . . . . . . . . . . . . . . . . Time . | . . . . . . . . . . . . . . . . . . . . . . . . . Total Robot Build Rating . | . . . . . . . . . . . . . . . . . . . . . . . . . Part Schematics Acquired 61 | . . . . . 3 5 . . 10 . 3 . . 15 . 8 . . . . 16 1 . . Parts Built 5 | . . . . . . . . . . . 2 . . . . . . . . . . 2 1 . Authchips . | . . . . . . . . . . . . . . . . . . . . . . . . . Time 503 | . . . . . . . . . . . 126 . . . . . . . . . . 69 308 . Total Part Build Rating 37 | . . . . . . . . . . . 10 . . . . . . . . . . 18 9 . Parts Repaired . | . . . . . . . . . . . . . . . . . . . . . . . . . Time . | . . . . . . . . . . . . . . . . . . . . . . . . . Parts Recycled . | . . . . . . . . . . . . . . . . . . . . . . . . . Recycled Matter . | . . . . . . . . . . . . . . . . . . . . . . . . . Retrieved Matter . | . . . . . . . . . . . . . . . . . . . . . . . . . Retrieved Components 6 | . 6 . . . . . . . . . . . . . . . . . . . . . . . Parts Scanalyzed 9 | . . . . . 3 5 . . . . . . . . . . . . . . . 1 . . Part Schematics Acquired 9 | . . . . . 3 5 . . . . . . . . . . . . . . . 1 . . Parts Damaged . | . . . . . . . . . . . . . . . . . . . . . . . . . Bothacking | -11 -10 -10 -10 -9 -8 -7 -7 -7 -7 -6 -6 -6 -6 -6 -5 -5 -4 -4 -4 -4 -4 -3 -2 -1 ------------ Run | Jun Mat Min Exi Min Mat Fac Low Low Dat Pro Fac Low Low Zio Pro Fac Fac Ext Cet Arc Hub Res Res Acc Used RIF Installer . | . . . . . . . . . . . . . . . . . . . . . . . . . Robots Hacked 1 | . . . . . . . . . . . . . . . . . . 1 . . . . . . Non-combat . | . . . . . . . . . . . . . . . . . . . . . . . . . Combat 1 | . . . . . . . . . . . . . . . . . . 1 . . . . . . Robot Hacks Applied 1 | . . . . . . . . . . . . . . . . . . 1 . . . . . . parse_system 1 | . . . . . . . . . . . . . . . . . . 1 . . . . . . Relay Couplers Released . | . . . . . . . . . . . . . . . . . . . . . . . . . Fabnet Peak Effective % . | . . . . . . . . . . . . . . . . . . . . . . . . . Robots Rewired 13 | . . . . . . . . . . . . . . . . . . 13 . . . . . . Allies Hacked 1 | . . . . . . . . . . . . . . . . . . 1 . . . . . . Hacks Repelled . | . . . . . . . . . . . . . . . . . . . . . . . . . Allies | -11 -10 -10 -10 -9 -8 -7 -7 -7 -7 -6 -6 -6 -6 -6 -5 -5 -4 -4 -4 -4 -4 -3 -2 -1 -------- Run | Jun Mat Min Exi Min Mat Fac Low Low Dat Pro Fac Low Low Zio Pro Fac Fac Ext Cet Arc Hub Res Res Acc Total Allies 46 | . . . . 1 . 6 . . . 1 . . . 7 . 3 2 22 . . . . . 4 Largest Group 13 | . . . . 1 . 3 1 . . 1 . . . 7 7 2 2 13 1 1 1 . . 3 Highest-Rated Group 730 | . . . . 31 . 90 16 . . 96 . . . 232 232 102 206 730 167 167 167 . . 513 Highest-Rated Ally 269 | . . . . 31 . 32 16 . . 96 . . . 39 39 51 103 167 167 167 167 . . 269 Zionite Dispatches 11 | . . . . . . . . . . . . . . . . 2 2 4 . . . . . 3 Heavy 2 | . . . . . . . . . . . . . . . . . 1 . . . . . . 1 Light 1 | . . . . . . . . . . . . . . . . . . 1 . . . . . . Recon 1 | . . . . . . . . . . . . . . . . . 1 . . . . . . . Hacker 1 | . . . . . . . . . . . . . . . . 1 . . . . . . . . Experimental 2 | . . . . . . . . . . . . . . . . . . . . . . . . 2 Hero 1 | . . . . . . . . . . . . . . . . . . 1 . . . . . . Melee Resupply 1 | . . . . . . . . . . . . . . . . . . 1 . . . . . . Infowar Resupply 2 | . . . . . . . . . . . . . . . . 1 . 1 . . . . . . Total Orders 16 | . . . . . . 1 . . . . . . . . . 3 3 7 . . . 2 . . STAY 5 | . . . . . . 1 . . . . . . . . . 2 . 2 . . . . . . DROP 4 | . . . . . . . . . . . . . . . . 1 . 3 . . . . . . EXPLORE 5 | . . . . . . . . . . . . . . . . . 2 1 . . . 2 . . RETURN 2 | . . . . . . . . . . . . . . . . . 1 1 . . . . . . Ally Attacks 347 | . . . . 5 . 32 5 . . 7 . . . . 20 10 10 145 29 11 13 . . 60 Total Damage 19856 | . . . . 44 . 586 45 . . 191 . . . . 73 757 1086 6718 1655 841 1348 . . 6512 Kills 98 | . . . . 2 . 6 . . . 2 . . . . 1 4 6 35 12 4 5 . . 21 Allies Corrupted 3 | . . . . . . . . . . . . . . . . . . 1 . . . . . 2 Allies Melted 2 | . . . . . . . . . . . . . . . . . . 1 . . . 1 . . Intel | -11 -10 -10 -10 -9 -8 -7 -7 -7 -7 -6 -6 -6 -6 -6 -5 -5 -4 -4 -4 -4 -4 -3 -2 -1 ------- Run | Jun Mat Min Exi Min Mat Fac Low Low Dat Pro Fac Low Low Zio Pro Fac Fac Ext Cet Arc Hub Res Res Acc Robot Analysis Total 1 | . . . . . . . . . . . 1 . . . . . . . . . . . . . Derelict Logs Recovered 10 | . . 1 . 1 . . 2 . . 2 . 1 . 1 2 . . . . . . . . . Drone Launches 14 | . . . . . . . 3 . . . . . . . . . 3 2 . . . 6 . . Drone Recoveries 10 | . . . . . . . 3 . . . . . . . . . 3 2 . . . 2 . . Zionite Intel Received 10 | . . . . . . . . . . . . . . . . 4 1 1 . . 2 2 . . Main Access 2 | . . . . . . . . . . . . . . . . 1 . . . . 1 . . . Branch Access 1 | . . . . . . . . . . . . . . . . 1 . . . . . . . . Emergency Access 2 | . . . . . . . . . . . . . . . . . 1 . . . . 1 . . Component Stockpiles 1 | . . . . . . . . . . . . . . . . 1 . . . . . . . . Component Schematics 1 | . . . . . . . . . . . . . . . . . . . . . 1 . . . Prototype Schematics 1 | . . . . . . . . . . . . . . . . 1 . . . . . . . . Unaware Schematics 1 | . . . . . . . . . . . . . . . . . . . . . . 1 . . Unaware Analyses 1 | . . . . . . . . . . . . . . . . . . 1 . . . . . . Exploration | -11 -10 -10 -10 -9 -8 -7 -7 -7 -7 -6 -6 -6 -6 -6 -5 -5 -4 -4 -4 -4 -4 -3 -2 -1 ------------- Run | Jun Mat Min Exi Min Mat Fac Low Low Dat Pro Fac Low Low Zio Pro Fac Fac Ext Cet Arc Hub Res Res Acc Turns Passed 19385 | . 984 159 387 583 1008 1467 1117 606 84 369 1652 628 540 1368 337 1390 626 1105 221 113 460 1919 243 2019 Spaces Moved 12719 | 1 473 124 358 304 752 1173 527 467 94 378 1164 366 393 1004 241 777 416 788 138 59 253 1210 323 936 Core 423 | . . . . . . . . . . . . . . . . . . . . . . 2 129 292 Treads 1009 | . . . . . . . . 4 . . . . . . . . . . . . . 407 . 598 Legs 8356 | 1 473 124 358 304 752 1173 527 463 94 378 1164 . . . . 674 416 788 138 59 253 172 1 44 Wheels 2107 | . . . . . . . . . . . . 366 393 1004 241 103 . . . . . . . . Hover 822 | . . . . . . . . . . . . . . . . . . . . . . 629 193 . Flight 2 | . . . . . . . . . . . . . . . . . . . . . . . . 2 Fastest Speed 44 | 120 120 120 90 90 45 45 90 90 90 45 60 130 130 130 130 120 90 90 110 117 102 44 44 45 Average Speed 105 | 120 120 120 106 90 88 87 90 91 90 89 98 130 130 130 130 128 108 100 115 117 112 98 50 130 Slowest Speed 250 | 120 190 120 120 90 90 90 90 250 90 100 170 130 130 130 130 196 180 189 117 117 189 196 120 250 Overloaded Moves 115 | . . . . . 17 57 . . . 6 35 . . . . . . . . . . . . . Propulsion Burnouts . | . . . . . . . . . . . . . . . . . . . . . . . . . Robots Hopped . | . . . . . . . . . . . . . . . . . . . . . . . . . Cave-ins Triggered . | . . . . . . . . . . . . . . . . . . . . . . . . . Exploration Rate (%) 48 | 2 85 41 70 68 49 33 69 53 69 55 33 54 63 89 52 26 14 82 49 62 21 39 12 24 Regions Visited 24 Branch Regions 15 Pre-discovered Areas 7 | . 1 . 1 . 1 1 1 . 1 1 . . . . . . . . . . . . . . Known Exits Taken 18 | . . . . . 1 1 1 1 1 1 1 1 1 1 1 1 1 1 1 1 1 . 1 . Unknown Exits Taken 6 | 1 1 1 1 1 . . . . . . . . . . . . . . . . . 1 . . Scrap Searched 13 | . . . . 3 . . 2 4 . 1 . 1 . 2 . . . . . . . . . . Spaces Dug 162 | . . . . . 3 23 4 3 . 3 34 6 1 . 1 17 3 1 . . 25 28 9 1 Terrain Destroyed 635 | . . . . . 19 23 5 3 . 3 64 56 1 . 1 17 3 19 . . 250 58 9 104 Melee 141 | . . . . . 3 23 4 3 . 3 34 6 1 . 1 17 3 1 . . 4 28 9 1 Projectile 2 | . . . . . . . 1 . . . . . . . . . . . . . . . . 1 AOE 489 | . . . . . 16 . . . . . 30 50 . . . . . 18 . . 246 30 . 99 Terrain Rammed . | . . . . . . . . . . . . . . . . . . . . . . . . . Walls Destroyed . | . . . . . . . . . . . . . . . . . . . . . . . . . Machines Disabled . | . . . . . . . . . . . . . . . . . . . . . . . . . Actions | -11 -10 -10 -10 -9 -8 -7 -7 -7 -7 -6 -6 -6 -6 -6 -5 -5 -4 -4 -4 -4 -4 -3 -2 -1 --------- Run | Jun Mat Min Exi Min Mat Fac Low Low Dat Pro Fac Low Low Zio Pro Fac Fac Ext Cet Arc Hub Res Res Acc Total 17099 | . 680 134 364 605 976 1458 1129 632 93 396 1526 500 406 1065 252 1030 536 1050 192 103 343 1729 365 1535 Wait 2556 | . 35 . . 283 111 173 565 147 . . 233 118 . 59 4 118 50 67 41 37 19 191 4 301 Move 12694 | . 472 123 357 303 751 1172 526 466 93 377 1163 365 392 1003 240 776 415 787 137 58 252 1209 322 935 Hop . | . . . . . . . . . . . . . . . . . . . . . . . . . Pick Up 75 | . 9 3 . 3 12 8 2 5 . 3 7 . 1 2 1 6 . 3 . . 2 6 . 2 Fast Attach 209 | . 6 1 3 2 5 5 3 2 . 2 12 . 2 . . 17 17 12 7 3 6 48 9 47 Attach 43 | . 4 . . . 4 1 3 2 . 1 2 1 1 . . 6 1 . . . 2 8 . 7 Detach 14 | . . . . . 2 . 1 . . . 1 . . . . 2 . . . . . 2 1 5 Swap 88 | . 7 . . 1 8 5 1 1 . 2 7 4 . . . 8 6 15 . 1 4 14 . 4 Drop 179 | . 9 3 4 4 11 15 2 2 . 4 12 . 1 . . 13 14 12 3 4 6 37 8 15 Fire 381 | . 126 . . 8 16 . 8 . . . 2 4 . . . . . 4 . . 3 4 . 206 Melee 710 | . . . . . 56 79 16 7 . 7 82 8 9 1 7 84 33 27 4 . 49 210 21 10 Ram . | . . . . . . . . . . . . . . . . . . . . . . . . . Kick 17 | . 12 4 . 1 . . . . . . . . . . . . . . . . . . . . Crush 3 | . . . . . . . . . . . . . . . . . . . . . . . . 3 Escape Stasis 9 | . . . . . . . . . . . 5 . . . . . . 4 . . . . . . Rewire 121 | . . . . . . . 2 . . . . . . . . . . 119 . . . . . . Trap . | . . . . . . . . . . . . . . . . . . . . . . . . . Miscellaneous . | . . . . . . . . . . . . . . . . . . . . . . . . . Route ------- -11/Junkyard -10/Materials (discovered 2 exits: [*Mat] / *Min) -10/Mines (discovered 2 exits: [*Mat] / *Exi) -10/Exiles (discovered 2 exits: *Min x2) -9/Mines -8/Materials (discovered 4 exits: *Fac x3 / *Sto) -7/Factory (discovered 3 exits: *Fac / *Low x2) -7/Lower Caves -7/Lower Caves -7/Data Miner -6/Proximity Caves -6/Factory (discovered 2 exits: *Low x2) -6/Lower Caves -6/Lower Caves -6/Zion -5/Proximity Caves -5/Factory (discovered 6 exits: *Fac x4 / Upp x2) -4/Factory (discovered 2 exits: *Upp / *Ext) -4/Extension (discovered 2 exits: *Res / *Cet) -4/Cetus -4/Archives (discovered 2 exits: *Res / *Hub) -4/Hub_04(d) (discovered 4 exits: *Res x4) -3/Research -2/Research -1/Access To Epsilon Eridani History --------- Turn | Location | Event 1 | -11/Junkyard | Discovered new exit (range 0) 1 | -11/Junkyard | Entered Materials 336 | -10/Materials | Build established: Mutant 500 | -10/Materials | Derelicts attacked the area 725 | -10/Materials | Core integrity fell below 50% 739 | -10/Materials | Lost 4 parts (1p1n2w) 820 | -10/Materials | Discovered new exit (range 16) 967 | -10/Materials | Discovered new exit (range 8) 985 | -10/Materials | Entered Mines 995 | -10/Mines | Met a Derelict bent on vengeance 1000 | -10/Mines | Met a Derelict shopkeep closing up shop 1013 | -10/Mines | Learned Materials terminal intel 1065 | -10/Mines | Build established: Scavenger-Mutant 1129 | -10/Mines | Discovered new exit (range 10) 1139 | -10/Mines | Deemed a non-threat by the Exiles lab entrance 1139 | -10/Mines | Discovered new exit (range 5) 1144 | -10/Mines | Entered Exiles 1164 | -10/Exiles | Discovered new exit (range 15) 1174 | -10/Exiles | Met 8R-AWN 1194 | -10/Exiles | Met EX-HEX 1246 | -10/Exiles | Met EX-DEC 1255 | -10/Exiles | Learned location of Zion (-6) 1274 | -10/Exiles | Met EX-BIN 1342 | -10/Exiles | Aligned with FarCom system 1343 | -10/Exiles | Given EX-Vault access code 1372 | -10/Exiles | Opened EX-Vault 1381 | -10/Exiles | Found Potential Leg 1384 | -10/Exiles | Found Potential Leg 1390 | -10/Exiles | Found Gui. Plasma Cannon 1411 | -10/Exiles | Warned to stay clear of 0b10 Research branches 1524 | -10/Exiles | Discovered new exit (range 10) 1531 | -10/Exiles | Stole two prototypes: Gui. Plasma Cannon, Potential Leg 1531 | -10/Exiles | Entered Mines 1541 | -9/Mines | Learned Materials trap positions 1544 | -9/Mines | Build established: Mutant 1553 | -9/Mines | Excavation squad dispatched 1553 | -9/Mines | A large section of the Mines collapsed 1777 | -9/Mines | Received a Rocket Launcher from a helpful Derelict 1803 | -9/Mines | Excavation squad dispatched 1817 | -9/Mines | Found the Drone Emporium 1822 | -9/Mines | Found Prototype Device 1822 | -9/Mines | Identified Splice Drone Bay 1837 | -9/Mines | Received a Mining Laser from a helpful Derelict 2000 | -9/Mines | A weapon hastily lodged in a ceiling crevice suddenly fell to the ground 2053 | -9/Mines | Excavation squad dispatched 2106 | -9/Mines | Discovered new exit (range 11) 2114 | -9/Mines | Entered Materials 2114 | -8/Materials | Evolved 4 slots: Propulsion x1, Utility x3 2115 | -8/Materials | Loaded intel: 19 trap records 2116 | -8/Materials | Loaded intel: 12 terminal locations 2410 | -8/Materials | Discovered new exit (range 9) 2459 | -8/Materials | Build established: Assassin 2646 | -8/Materials | Identified exit to Storage 2791 | -8/Materials | Identified exit to Factory 3122 | -8/Materials | Entered Factory 3122 | -7/Factory | Evolved 2 slots: Utility x2 3124 | -7/Factory | FarCom data flow suspended 3548 | -7/Factory | Identified exit to Lower Caves 3815 | -7/Factory | Build established: Gladiator 3888 | -7/Factory | Discovered new exit (range 15) 4589 | -7/Factory | Entered Lower Caves 4589 | -7/Lower Caves | Accompanied by 1 ally 4954 | -7/Lower Caves | Build established: Scavenger-Gladiator 5520 | -7/Lower Caves | Learned Factory terminal intel 5642 | -7/Lower Caves | Discovered new exit (range 13) 5706 | -7/Lower Caves | Identified exit to Lower Caves 5706 | -7/Lower Caves | Entered another Lower Caves area 6264 | -7/Lower Caves | Discovered new exit (range 15) 6265 | -7/Lower Caves | Spotted BL-1CR(f) 6266 | -7/Lower Caves | Spotted 0C-PG3(f) 6267 | -7/Lower Caves | Encountered a Master Thief 6267 | -7/Lower Caves | Encountered a Master Thief 6267 | -7/Lower Caves | Spotted DV-4SS(f) 6268 | -7/Lower Caves | Encountered a Master Thief 6268 | -7/Lower Caves | Gui. Plasma Cannon stolen by Master Thief 6269 | -7/Lower Caves | Spotted 90-MSS(f) 6269 | -7/Lower Caves | Potential Leg stolen by Master Thief 6269 | -7/Lower Caves | Spotted TI-WOC(f) 6270 | -7/Lower Caves | Encountered a Master Thief 6270 | -7/Lower Caves | Encountered a Master Thief 6270 | -7/Lower Caves | Splice Drone Bay stolen by Master Thief 6270 | -7/Lower Caves | Destroyed 0C-PG3(f) 6271 | -7/Lower Caves | Greatsword stolen by Master Thief 6273 | -7/Lower Caves | Lyr. Light Armor Plating stolen by Master Thief 6311 | -7/Lower Caves | Identified exit to Data Miner 6312 | -7/Lower Caves | Entered Data Miner 6312 | -7/Data Miner | Discovered new exit (range 6) 6330 | -7/Data Miner | Met Data Miner 6349 | -7/Data Miner | Acquired the access code to Warlord's prototype stash 6349 | -7/Data Miner | Learned location of Section 7 (-2) 6364 | -7/Data Miner | Received God Mode back door access code from Data Miner 6395 | -7/Data Miner | Identified exit to Proximity Caves 6396 | -7/Data Miner | Entered Proximity Caves 6408 | -6/Proximity Caves | Learned Factory security intel 6558 | -6/Proximity Caves | Build established: Scavenger-Assassin 6584 | -6/Proximity Caves | Learned location of Extension (-4) 6707 | -6/Proximity Caves | Escorted by Enhanced Grunt 6714 | -6/Proximity Caves | Discovered new exit (range 7) 6752 | -6/Proximity Caves | Found Prototype Device 6764 | -6/Proximity Caves | Identified exit to Factory 6765 | -6/Proximity Caves | Entered Factory 6765 | -6/Factory | Evolved 2 slots: Power x1, Utility x1 6767 | -6/Factory | Loaded intel: 26 terminal locations 6896 | -6/Factory | Identified exit to Lower Caves 7155 | -6/Factory | Lost 3 parts (1p2u) 7461 | -6/Factory | Build established: Scavenger-Mutant 7969 | -6/Factory | Fabricated Lgt. Regenerative Plating (x1) 8256 | -6/Factory | Incoming investigation squad redirected 8307 | -6/Factory | Fabricated Lgt. Regenerative Plating? 8417 | -6/Factory | Entered Lower Caves 8417 | -6/Lower Caves | Spotted DW-S4O(f) 8417 | -6/Lower Caves | Spotted VM-1U0(f) 8418 | -6/Lower Caves | Encountered a Master Thief 8418 | -6/Lower Caves | Encountered a Master Thief 8418 | -6/Lower Caves | Potential Leg stolen by Master Thief 8418 | -6/Lower Caves | Potential Leg stolen by Master Thief 8450 | -6/Lower Caves | Identified Exp. Thermal Shield 8708 | -6/Lower Caves | Learned Factory terminal intel 9016 | -6/Lower Caves | Encountered a Warlord checkpoint 9036 | -6/Lower Caves | Discovered new exit (range 7) 9044 | -6/Lower Caves | Identified exit to Lower Caves 9045 | -6/Lower Caves | Entered another Lower Caves area 9045 | -6/Lower Caves | Spotted SK-M4B(f) 9046 | -6/Lower Caves | Encountered a Master Thief 9046 | -6/Lower Caves | Exp. Thermal Shield stolen by Master Thief 9094 | -6/Lower Caves | Found Alien Artifact 9094 | -6/Lower Caves | Identified Core Expander 9094 | -6/Lower Caves | Installed Core Expander, added new Utility slot 9479 | -6/Lower Caves | Encountered a Warlord checkpoint 9575 | -6/Lower Caves | Discovered new exit (range 5) 9581 | -6/Lower Caves | Identified exit to Zion 9585 | -6/Lower Caves | Entered Zion 9667 | -6/Zion | Discovered new exit (range 12) 9764 | -6/Zion | Given the Hacking Drone Bay 9764 | -6/Zion | Found Prototype Device 9999 | -6/Zion | Acquired unknown access codes intercepted by a Zionite 10049 | -6/Zion | Learned Factory terminal intel 10177 | -6/Zion | Found CR-A16's Pointy Stick 10499 | -6/Zion | Gained Derelict followers 10685 | -6/Zion | Imprinted 10687 | -6/Zion | Declared Zion's savior 10891 | -6/Zion | Identified exit to Proximity Caves 10953 | -6/Zion | Entered Proximity Caves 10953 | -5/Proximity Caves | Accompanied by 7 allies 11074 | -5/Proximity Caves | Spotter reported a threat 11143 | -5/Proximity Caves | Spotter reported a threat 11162 | -5/Proximity Caves | Spotter reported a threat 11212 | -5/Proximity Caves | Learned Factory stockpile data 11215 | -5/Proximity Caves | Spotter reported a threat 11229 | -5/Proximity Caves | Spotter reported a threat 11273 | -5/Proximity Caves | Discovered new exit (range 12) 11285 | -5/Proximity Caves | Spotter reported a threat 11287 | -5/Proximity Caves | Identified exit to Factory 11290 | -5/Proximity Caves | Entered Factory 11290 | -5/Factory | Evolved 2 slots: Utility x2 11292 | -5/Factory | Loaded intel: 26 terminal locations 11571 | -5/Factory | Zion Infowar Resupply teleported in 11590 | -5/Factory | Search patrols dispatched 11890 | -5/Factory | Search patrols dispatched 11955 | -5/Factory | Build established: Scavenger-Assassin 12001 | -5/Factory | Identified Hacking Drone Bay 12068 | -5/Factory | Discovered new exit (range 16) 12190 | -5/Factory | Search patrols dispatched 12206 | -5/Factory | Retrieved Zion intel report: Main Access 12206 | -5/Factory | Identified exit to Factory 12355 | -5/Factory | Retrieved Zion intel report: Prototype Schematics 12388 | -5/Factory | Retrieved Zion intel report: Component Stockpiles 12573 | -5/Factory | Retrieved Zion intel report: Branch Access 12573 | -5/Factory | Identified exit to Upper Caves 12574 | -5/Factory | Zion Hacker squad teleported in 12680 | -5/Factory | Entered another Factory area 12680 | -4/Factory | Evolved 2 slots: Propulsion x1, Utility x1 12681 | -4/Factory | Loaded intel: 28 terminal locations 12733 | -4/Factory | Build established: Scavenger-Mutant 12973 | -4/Factory | Discovered new exit (range 6) 12978 | -4/Factory | Identified exit to Upper Caves 13021 | -4/Factory | Retrieved Zion intel report: Emergency Access 13022 | -4/Factory | Zion Recon squad teleported in 13164 | -4/Factory | Zion Heavy squad teleported in 13180 | -4/Factory | First assault squad dispatched 13201 | -4/Factory | Incoming assault squad redirected 13288 | -4/Factory | Discovered new exit (range 14) 13298 | -4/Factory | Identified exit to Extension 13306 | -4/Factory | Entered Extension 13306 | -4/Extension | Accompanied by 2 allies 13369 | -4/Extension | Zion Melee Resupply teleported in 13395 | -4/Extension | Build established: Mutant 13486 | -4/Extension | Zion Infowar Resupply teleported in 13504 | -4/Extension | Zion Light squad teleported in 13544 | -4/Extension | Rescued a captive Derelict 13709 | -4/Extension | Build established: Commander-Mutant 13767 | -4/Extension | Spotted B-86 Titan 13774 | -4/Extension | Spotted B-86 Titan 13790 | -4/Extension | Destroyed B-86 Titan 13804 | -4/Extension | Revealed the true nature of CR-A16's Pointy Stick 13808 | -4/Extension | Allies destroyed B-86 Titan 13825 | -4/Extension | Found Prototype Protection 13825 | -4/Extension | Identified Zio. Weapon Casing 13935 | -4/Extension | Rescued a captive Derelict 13936 | -4/Extension | Rescued a captive Derelict 13952 | -4/Extension | Lost 5 parts (2n3u) 13982 | -4/Extension | Energy Cycler disabled 13982 | -4/Extension | Rescued a captive Derelict 13983 | -4/Extension | Rescued a captive Derelict 13983 | -4/Extension | Rescued a captive Derelict 13984 | -4/Extension | Rescued a captive Derelict 13984 | -4/Extension | Rescued a captive Derelict 13991 | -4/Extension | Rescued a captive Derelict 14126 | -4/Extension | Retrieved Zion intel report: Unaware Analyses 14127 | -4/Extension | Zion hero teleported in (P1-3CE) 14306 | -4/Extension | First assault squad dispatched 14313 | -4/Extension | Build established: Scavenger-Mutant 14315 | -4/Extension | Extracted ID and sensor layout for unrecognized location from A7's data core 14328 | -4/Extension | Found Corrupted Prototype Protection 14383 | -4/Extension | Discovered new exit (range 11) 14384 | -4/Extension | Discovered new exit (range 7) 14394 | -4/Extension | Identified exit to Cetus 14411 | -4/Extension | Entered Cetus 14411 | -4/Cetus | Accompanied by 1 ally (P1-3CE) 14425 | -4/Cetus | Spotted Cetus Guard 14425 | -4/Cetus | Spotted Cetus Guard 14427 | -4/Cetus | Spotted Cetus Guard 14428 | -4/Cetus | Spotted Cetus Guard 14431 | -4/Cetus | Allies destroyed Cetus Guard 14442 | -4/Cetus | Allies destroyed Cetus Guard 14449 | -4/Cetus | Allies destroyed Cetus Guard 14451 | -4/Cetus | Allies destroyed Cetus Guard 14478 | -4/Cetus | Lost 3 parts (1p1n1u) 14520 | -4/Cetus | Discovered new exit (range 15) 14584 | -4/Cetus | Identified exit to Archives 14632 | -4/Cetus | Entered Archives 14632 | -4/Archives | Accompanied by 1 ally (P1-3CE) 14703 | -4/Archives | Discovered new exit (range 15) 14720 | -4/Archives | Discovered new exit (range 14) 14739 | -4/Archives | Identified exit to Hub_04(d) 14745 | -4/Archives | Entered Hub_04(d) 14745 | -4/Hub_04(d) | Accompanied by 1 ally (P1-3CE) 14763 | -4/Hub_04(d) | Build established: Scavenger-Assassin 14785 | -4/Hub_04(d) | Retrieved Zion intel report: Main Access 14785 | -4/Hub_04(d) | Identified exit to Research 14896 | -4/Hub_04(d) | Garrison activated, responded to threat 14950 | -4/Hub_04(d) | Found Exp. Hacking Suite 14976 | -4/Hub_04(d) | Core integrity fell below 50% 15014 | -4/Hub_04(d) | Retrieved Zion intel report: Component Schematics 15155 | -4/Hub_04(d) | Lost 4 parts (1p1n2u) 15191 | -4/Hub_04(d) | Network Hub disabled 15204 | -4/Hub_04(d) | Identified Med. Regenerative Plating 15204 | -4/Hub_04(d) | Spotted Lightning 15205 | -4/Hub_04(d) | Entered Research 15205 | -3/Research | Evolved 2 slots: Propulsion x1, Utility x1 15321 | -3/Research | Retrieved Zion intel report: Emergency Access 15335 | -3/Research | Retrieved Zion intel report: Unaware Schematics 15390 | -3/Research | Spotted B-86 Titan 15451 | -3/Research | Destroyed B-86 Titan 15585 | -3/Research | Fabricated Adv. Heavy Siege Treads (x2) 15736 | -3/Research | First assault squad dispatched 15765 | -3/Research | Incoming assault squad redirected 15935 | -3/Research | Found Prototype Device 15935 | -3/Research | Identified Exp. Focal Shield 16068 | -3/Research | System corruption reached 10% 16282 | -3/Research | Build established: Scavenger-Mutant 16419 | -3/Research | Lost 3 parts (3u) 16425 | -3/Research | Incoming assault squad redirected 16439 | -3/Research | System corruption reached 30% 16486 | -3/Research | Destroyed 7 combat bots 16486 | -3/Research | Lost 3 parts (3u) 16609 | -3/Research | Terminal network hard line cut 16731 | -3/Research | Lost 6 parts (1p3n2u) 16834 | -3/Research | Lost 7 parts (1p2n4u) 16933 | -3/Research | Lost 3 parts (1n2u) 16954 | -3/Research | Spotted B-86 Titan 16960 | -3/Research | Destroyed B-86 Titan 17057 | -3/Research | Spotted B-86 Titan 17120 | -3/Research | Discovered new exit (range 8) 17124 | -3/Research | Entered another Research area 17124 | -2/Research | Evolved 2 slots: Utility x2 17237 | -2/Research | Lost 3 parts (2n1u) 17287 | -2/Research | Fabricated Centrium Leg? 17303 | -2/Research | Lost 6 parts (4n2u) 17327 | -2/Research | Incoming investigation squad redirected 17354 | -2/Research | Discovered new exit (range 11) 17358 | -2/Research | Identified exit to Access 17367 | -2/Research | Entered Access 17367 | -1/Access | Evolved 2 slots: Utility x2 17392 | -1/Access | Lost 3 parts (1n1u1w) 17544 | -1/Access | Build established: Hacker-Mutant 17617 | -1/Access | First assault squad dispatched 17633 | -1/Access | Incoming assault squad redirected 17774 | -1/Access | Spotted B-99 Colossus 17787 | -1/Access | Destroyed B-99 Colossus 17804 | -1/Access | Found Prototype Ballistic Gun 17804 | -1/Access | Identified Multirail 17816 | -1/Access | Lost 6 parts (1p1n4u) 17821 | -1/Access | Found Hvy. Reflective Plating 17831 | -1/Access | Found Multirail 17934 | -1/Access | Incoming assault squad redirected 17990 | -1/Access | Zion Experimental squad teleported in 18010 | -1/Access | Found Prototype Protection 18010 | -1/Access | Identified Zio. Shade Armor 18018 | -1/Access | Found Zio. Shade Armor 18021 | -1/Access | Found Zio. Shade Armor 18025 | -1/Access | Found Zio. Weapon Casing 18029 | -1/Access | Found Zio. Shade Armor 18088 | -1/Access | Build established: Scavenger-Mutant 18109 | -1/Access | Found Prototype Device 18109 | -1/Access | Identified Exp. Thermal Defense Suite 18511 | -1/Access | Zion Experimental squad teleported in 18602 | -1/Access | Zion Heavy squad teleported in 18696 | -1/Access | Terminal network hard line cut 18727 | -1/Access | Spotted B-99 Colossus 18738 | -1/Access | Spotted B-99 Colossus 18741 | -1/Access | Allies destroyed B-99 Colossus 18744 | -1/Access | Allies destroyed B-99 Colossus 18754 | -1/Access | Found Zio. Shade Armor 18904 | -1/Access | Discovered new exit (range 4) 18917 | -1/Access | Incoming assault squad redirected 18918 | -1/Access | Identified exit to Surface 18989 | -1/Access | Found Zio. Weapon Casing 19062 | -1/Access | High security lockdown imminent 19142 | -1/Access | High security lockdown engaged 19226 | -1/Access | Core integrity fell below 50% 19290 | -1/Access | Lost 4 parts (4u) 19297 | -1/Access | Destroyed 12 combat bots 19333 | -1/Access | Spotted Striker 19366 | -1/Access | Destroyed Striker 19386 | -1/Access | Core integrity fell below 20% 19386 | *** | Escaped! Last Messages --------------- 19373_ G-73 Enforcer destroyed. 19375_ Adv. Target Analyzer destroyed. 19375_ Microactuators destroyed. 19375_ I-47 Archangel destroyed. 19376_ Micro-nuke Launcher destroyed. 19376_ Destroyed Micro-nuke Launcher. 19377_ Rnf. Quantum Reactor severed. 19378_ Dropped Energy Well. 19379_ Adv. Signal Interpreter destroyed. 19379_ Acquired Unknown Flight Unit. 19379_ Identified Impulse Thruster Array. 19380_ System corrupted: Matter fused (-6). 19381_ Acquired Prototype Piercing Weapon. 19381_ Identified Plasma Lance. 19383_ Extracted 33 energy. 19383_ Adv. Weapon Cycler destroyed. 19383_ Destroyed Flexi-carbon Leg. 19384_ Extracted 7 energy. 19385_ Impulse Thruster Array destroyed. [Achievement: Derelict Escape] Map ----- +----------------------------------------------------+ | ?????????????????????????????????????????????????? | | ?????????????????????????????????????????????????? | | ?????????????????????????????????????????????????? | | ?????????????????????????????????????????????????? | | ?????????????????????????????????????????????????? | | ?????????????????????????????????????????????????? | | ?????????????????????????????????????????????????? | | ?????????????????????????????????????????????????? | | ?????????????????????????????????????????????????? | | ######???????????????????????????????????????????? | | #???????????????????????????????????????????? | | #???????????????????????????????????????????? | | #???????????????????????????????????????????? | | #???????????????????????????????????????????? | | #???????????????????????????????????????????? | | #???????????????????????????????????????????? | | #???????????????????????????????????????????? | | ######???????????????????????????????????????????? | | ?????????????????????????????????????????????????? | | ???????###???????????????????????????????????????? | | ???????# #########??##########"??????????????????? | | ????????## ! =!""?" "??????????????????? | | ?????# # *!]!![="?" "??????????????????? | | ##########=!%[!=!"""" !% " "??????????????????? | | [=*=! "%*%%%![g!/ = =!l " "??????????????????? | | *==!%!!" [[!!=%! %= = /*@ "??????????????????? | | %%=%=*%! %!%!* % % !*= "??????????????????? | | =[%! =! %!=*= | ==% = "??????????????????? | | #######""" !%=% ["" "??????????????????? | | ?? ## *=!= "" " = "??????????????????? | | ## """" "??????????????????? | | ##########??##########"??????????????????? | | #????????????????????????????????????????? | | #????????????????????????????????????????? | | #????????????????????????????????????????? | | #????????????????????????????????????????? | | #????????????????????????????????????????? | | [ #????????????????????????????????????????? | | #????????????????????????????????????????? | | #########????????????????????????????????????????? | | ?????????????????????????????????????????????????? | | ?????????????????????????????????????????????????? | | ?????????????????????????????????????????????????? | | ?????????????????????????????????????????????????? | | ?????????????????????????????????????????????????? | | ?????????????????????????????????????????????????? | | ?????????????????????????????????????????????????? | | ??????????????###+??????????????????A????????????? | | ????????????? ???????????????????????????????? | | ???????????? ???????????????????????????????? | +----------------------------------------------------+ Best States ------------- Heat Dissipation 107 Energy Generation 53 Energy Capacity 1300 Matter Stores 300 Matter Capacity 300 Sight Range 16 Robot Scan Range 18 Terrain Scan Range 16 Terrain Scan Density 210 Jamming Range 14 Cloak Strength 2 EM Shielding 3 Corruption Block 20 Armor Coverage 1500 Resistance: KI 30 Resistance: TH 30 Resistance: EX 30 Resistance: EM 30 Resistance: I 30 Resistance: S 30 Resistance: P 30 Core Shielding 30 Weapon Shielding 100 Weapon Cycling 25 Melee Speed Boost 50 Phase Shifting 10 Evasion (%) 66 Melee Accuracy 32 Target Analysis 12 Armor Integrity Analysis 40 Recoil Reduction 5 Offensive Hacking 16 Defensive Hacking 10 Item Schematics ----------------- Imp. Sensor Array | -8/Materials | Scanalyzed Imp. Signal Interpreter | -8/Materials | Scanalyzed Transport Network Coupler | -8/Materials | Scanalyzed Hacking Suite | -7/Factory | Scanalyzed System Restoration Module | -7/Factory | Scanalyzed System Shield | -7/Factory | Scanalyzed Imp. Terrain Scanner | -7/Factory | Scanalyzed Spear | -7/Factory | Scanalyzed Imp. Force Field | -7/Data Miner | Free Hyp. Gauss Cannon | -7/Data Miner | Free Enh. Gauss Cannon | -7/Data Miner | Free Antigrav System | -7/Data Miner | Free Imp. Thermal Shield | -7/Data Miner | Free Imp. Heavy Laser | -7/Data Miner | Free Thermal Defense Suite | -7/Data Miner | Free Cld. Cesium-ion Thruster | -7/Data Miner | Free Lgt. Regenerative Plating | -7/Data Miner | Free Combat Drone Bay | -7/Data Miner | Free Imp. Hacking Suite | -6/Factory | Hacked Actuator Array | -6/Factory | Hacked Microactuators | -6/Factory | Hacked 0b10 Decoder Chip [Looter] | -6/Zion | Archive Imp. Component Analysis Suite | -6/Zion | Archive Lgt. Fission Core | -6/Zion | Archive Tesla Rifle | -6/Zion | Archive Hvy. Machine Gun | -6/Zion | Archive Lance | -6/Zion | Archive Mak. Transmission Jammer | -6/Zion | Archive Adv. Thermal Generator | -6/Zion | Archive Railgun | -6/Zion | Archive Imp. Actuator Array | -6/Zion | Archive Lrn. Proton Cannon | -6/Zion | Archive Imp. Cryofiber Web | -6/Zion | Archive Adv. Cooling System | -6/Zion | Archive Imp. Remote Datajack | -6/Zion | Archive Imp. System Restoration Module | -6/Zion | Archive Enh. Coil Gun | -5/Factory | Z-intel Cld. Plasma Rifle | -5/Factory | Z-intel Mni. Assault Cannon | -5/Factory | Z-intel Imp. Energy Well | -5/Factory | Z-intel Com. Ion Cannon | -5/Factory | Z-intel Biomechanical Wings | -5/Factory | Z-intel Hvy. Gatling Laser | -5/Factory | Z-intel Shock Maul | -5/Factory | Z-intel Imp. Kinecellerator | -4/Hub_04(d) | Z-intel Gyrokinetic Inverter | -4/Hub_04(d) | Z-intel Adv. Plasma Cannon | -4/Hub_04(d) | Z-intel Disruptor Cannon | -4/Hub_04(d) | Z-intel Hvy. Disruptor Cannon | -4/Hub_04(d) | Z-intel Imp. Focal Shield | -4/Hub_04(d) | Z-intel Imp. Antigrav System | -4/Hub_04(d) | Z-intel Hyp. Mass Driver | -4/Hub_04(d) | Z-intel Nuclear Pulse Array | -4/Hub_04(d) | Z-intel Matter Filter | -4/Hub_04(d) | Z-intel Hcp. Storage Unit | -4/Hub_04(d) | Z-intel Recoil Nullifier | -4/Hub_04(d) | Z-intel Imp. Coolant Injector | -4/Hub_04(d) | Z-intel Imp. Shock Absorption System | -4/Hub_04(d) | Z-intel Lyr. Light Armor Plating | -4/Hub_04(d) | Z-intel Imp. Weapon Cycler | -4/Hub_04(d) | Z-intel CPS Tube | -3/Research | Scanalyzed Robot Schematics ------------------ S-27 Virus | -7/Data Miner | Free H-66 Slayer | -7/Data Miner | Free Y-54 Guardian | -7/Data Miner | Free M-22 Extractor | -7/Data Miner | Free R-06 Scavenger | -6/Zion | Archive L-61 Swordsman | -6/Zion | Archive S-43 Plague | -3/Research | Z-intel C-55 Analyst | -3/Research | Z-intel Y-72 Warden | -3/Research | Z-intel A-27 Freighter | -3/Research | Z-intel A-02 Transporter | -3/Research | Z-intel Fabricated ------------ Lgt. Regenerative Plating | x1 | -6/Factory Lgt. Regenerative Plating | x1 | -6/Factory Adv. Heavy Siege Treads | x2 | -3/Research | Preloaded Centrium Leg | x1 | -2/Research | Preloaded Alien Tech Used ----------------- Core Expander Achievements -------------- Derelict Escape Challenges ------------ None Game ------ Seed DeliveryWeaponLeg Manual? 0 Play Time 03:11:59 Cumulative 466.1 hours Start 2023.10.06 @ 16:37:51 End 2023.10.07 @ 13:22:00 Sessions 7 Manual Loads 0 Difficulty Rogue Special Mode None Game No. 513 Rogue 513 Adventurer 0 Explorer 0 Win Type 0 Total 13 Types 9/0/3/1/0/0/0/0/0 Lore% 82 Gallery% 90 Achievement% 81 Wizard Run 0 Options --------- ASCII 0 Keyboard 0 Movement Numpad Keybinds 0 Fullscreen 1 Font 18/Terminus Map View 76x50 Tactical HUD 1 Map Filters NONE Filters NONE Steam 1 RUN: a48cdf7b-0597-48c8-88e5-be3ca4ba8aa4